 Dungeon Sprint DCSS version bcrawl-1.21.2-1-g32d02e0829 (webtiles) character file.

Game seed: 18122441690106351828

200 MordorOrchid the Ducker (level 5, -1/45 HPs)
             Began as an Oni Fire Elementalist on Feb 19, 2020.
             Was a Follower of Sif Muna.
             Slain by a yak (3 damage)
             ... in the Dungeon (Sprint IX: "|||||||||||||||||||||||||||||").
             The game lasted 00:04:42 (873 turns).

MordorOrchid the Ducker (Oni Fire Elementalist)      Turns: 873, Time: 00:04:42

Health: -1/45      AC:  3    Str: 11    XL:     5   Next: 78%
Magic:  10/15      EV: 18    Int: 17    God:    Sif Muna [*.....]
Gold:   0          SH:  0    Dex: 15    Spells: 5/15 levels left

rFire    . . .     SeeInvis .   p - +4 quarterstaff (speed)
rCold    . . .     Gourm    .   (shield currently unavailable)
rNeg     . . .     Faith    .   a - +0 animal skin
rPois    .         Spirit   .   (helmet restricted)
rElec    .         Reflect  .   (no cloak)
rCorr    .         Harm     .   (no gloves)
MR       .....     NoTele   +   r - +0 pair of boots
Stlth    ++........             (no amulet)
HPRegen  0.15/turn              s - +3 ring of dexterity
MPRegen  0.14/turn              t - +2 ring of evasion

@: very slightly contaminated, invisible (expiring)
A: oni magic, claws 1, fangs 1, horns 1
a: Divine Energy, Renounce Religion


You were in the Dungeon.
You worshipped Sif Muna.
Sif Muna was aware of your devotion.
You were not hungry.

You visited 1 branch

Inventory:

Hand Weapons
 b - a +0 dagger
 p - a +4 quarterstaff of speed (weapon)
 q - a +2 scimitar of draining
Missiles
 c - 40 stones (quivered)
Armour
 a - a +0 animal skin (worn)
 r - a +0 pair of boots (worn)
Magical Staves
 o - an uncursed staff of energy
Jewellery
 s - a +3 ring of dexterity (left claw)
 t - a +2 ring of evasion (right claw)
Wands
 n - a wand of iceblast (9)
Scrolls
 j - 2 scrolls of blinking
 l - 3 scrolls of remove curse
 m - 2 scrolls of amnesia
Potions
 d - 5 potions of curing
 f - 3 potions of heal wounds
 h - 4 potions of magic
 i - a potion of berserk rage
Comestibles
 e - a ration {!d}


   Skills:
 - Level 3.0 Fighting
 + Level 6.0 Dodging
 - Level 1.7 Stealth
 + Level 5.8 Spellcasting
   Level 5.8 Conjurations
   Level 5.8 Hexes
   Level 5.8 Charms
   Level 5.8 Summonings
   Level 5.8 Necromancy
   Level 5.8 Translocations
   Level 5.8 Transmutations
   Level 5.8 Fire Magic
   Level 5.8 Ice Magic
   Level 5.8 Air Magic
   Level 5.8 Earth Magic
   Level 5.8 Poison Magic
 * Level 3.3 Evocations


You had 5 spell levels left.
You knew the following spells:

 Your Spells              Type           Power        Failure   Level  Hunger
a - Flame Tongue          Conj/Fire      ###..        1%          1    None
b - Sticks to Snakes      Tmut           ####....     1%          2    #......
c - Conjure Flame         Conj/Fire      ###.....     3%          3    ##.....
e - Sticky Flame          Conj/Fire      ###.....     12%         4    ####...

Your spell library contained the following spells:

 Spells                   Type           Power        Failure   Level  Hunger
 Sting                    Conj/Pois      ###.         1%          1    None
 Flaming Arrows           Chrm/Fire      ###.....     1%          2    #......
 Inner Flame              Hex/Fire       N/A          3%          3    ##.....
 Fireball                 Conj/Fire      ###.......   32%         5    ######.


Dungeon Overview and Level Annotations

Branches:
Dungeon (1/1)

Altars:
Cheibriados
Dithmenos
Elyvilon
Fedhas
Gozag
Hepliaklqana
Kikubaaqudgha
Lugonu
Makhleb
Nemelex Xobeh
Okawaru
Qazlal
Ru
Sif Muna
Trog
Uskayaw
Vehumet
Wu Jian
Xom
Yredelemnul
Zin
The Shining One
Beogh
Jiyva


Innate Abilities, Weirdness & Mutations

You learn spells by gaining experience, not through books or religion.
You only train spellcasting to practice magic.
You have sharp fingernails.
You have very sharp teeth.
You have a pair of small horns on your head.


Message History

The bullfrog gives a loud, deep croak!
The yak snorts and paws the ground.
The yak barely misses you.
You sock the yak!
The yak is moderately wounded.
You flicker for a moment.
The yak completely misses you.
The worker ant twitches its antennae in your direction.
You hit the yak but do no damage.
The yak is moderately wounded.
The yak gores you!
* * * LOW HITPOINT WARNING * * *
Casting: Conjure Flame (safe; 3% risk of failure)
Confirm with . or Enter, or press ? or * to list all spells.
Aiming: Flame Tongue (safe; 1% risk of failure)
Press: ? - help, Shift-Dir - straight line The flame tongue hits the yak!
The yak is severely wounded.
The yak gores you.
You die... ▓▓▓▓▓▓▓▓▓▓▓▓▓▓▓▓▓▓▓▓▓▓▓▓▓▓▓▓ +.Z.a..F.§Y@.)...'__________ ▓▓▓▓▓▓▓▓▓▓▓▓▓▓▓▓▓▓▓▓▓▓▓▓▓▓▓▓

You could see a yak, a bullfrog (wandering) and a worker ant (wandering).

Vanquished Creatures
  An acid dragon (D)
  A hound (D)
  An orc wizard (D)
  A worker ant (D)
  A dart slug (D)
  2 leopard geckos (D)
  An orc (D)
  A bat skeleton (D)
  A goblin (D)
  A hobgoblin (D)
  A frilled lizard (D)
12 creatures vanquished.

Notes
Turn   | Place    | Note
-------+----------+-------------------------------------------
     0 | D        | MordorOrchid the Oni Fire Elementalist began the quest for
                  | the Orb.
     0 | D        | Reached XP level 1. HP: 14/14 MP: 4/4
     6 | D        | Reached skill level 2 in Dodging
    15 | D        | Reached skill level 1 in Fighting
    22 | D        | Reached XP level 2. HP: 12/23 MP: 0/7
   163 | D        | Reached skill level 3 in Dodging
   163 | D        | Reached XP level 3. HP: 23/31 MP: 5/9
   422 | D        | Learned a level 3 spell: Conjure Flame
   524 | D        | Reached skill level 4 in Dodging
   524 | D        | Reached XP level 4. HP: 38/38 MP: 3/11
   548 | D        | Found a roughly hewn altar of Beogh.
   548 | D        | Found a snail-covered altar of Cheibriados.
   548 | D        | Found a shadowy altar of Dithmenos.
   548 | D        | Found a white marble altar of Elyvilon.
   548 | D        | Found a blossoming altar of Fedhas.
   548 | D        | Found an opulent altar of Gozag.
   549 | D        | Found a hazy altar of Hepliaklqana.
   550 | D        | Found a viscous altar of Jiyva.
   551 | D        | Found an ancient bone altar of Kikubaaqudgha.
   552 | D        | Found a corrupted altar of Lugonu.
   553 | D        | Found a burning altar of Makhleb.
   554 | D        | Found a sparkling altar of Nemelex Xobeh.
   555 | D        | Found an iron altar of Okawaru.
   556 | D        | Found a stormy altar of Qazlal.
   557 | D        | Found a sacrificial altar of Ru.
   558 | D        | Found a shimmering blue altar of Sif Muna.
   559 | D        | Found a bloodstained altar of Trog.
   560 | D        | Found a hide-covered altar of Uskayaw.
   561 | D        | Found a radiant altar of Vehumet.
   562 | D        | Found an ornate altar of the Wu Jian Council.
   563 | D        | Found a shimmering altar of Xom.
   564 | D        | Found a basalt altar of Yredelemnul.
   565 | D        | Found a glowing silver altar of Zin.
   566 | D        | Became a worshipper of Sif Muna the Loreminder
   567 | D        | Found a glowing golden altar of the Shining One.
   599 | D        | Noticed a bullfrog
   599 | D        | Noticed a yak
   599 | D        | Noticed an acid dragon
   848 | D        | Learned a level 4 spell: Sticky Flame
   851 | D        | Learned a level 2 spell: Sticks to Snakes
   863 | D        | Killed an acid dragon
   863 | D        | Reached * piety under Sif Muna
   863 | D        | Reached skill level 6 in Dodging
   863 | D        | Reached skill level 5 in Spellcasting
   863 | D        | Reached XP level 5. HP: 13/45 MP: 13/15
   872 | D        | HP: 2/45 [yak (12)]
   873 | D        | Slain by a yak

Skill      XL: |  1  2  3  4 |
---------------+-------------+-----
Dodging        | 2 3 4 6 |  6.0
Fighting       | 1 3 |  3.0
Spellcasting   | 2 3 5 |  5.8
Evocations     | 3 |  3.3
Stealth        | |  1.7
Conjurations   | |  5.8
Hexes          | |  5.8
Charms         | |  5.8
Summonings     | |  5.8
Necromancy     | |  5.8
Translocations | |  5.8
Transmutations | |  5.8
Fire Magic     | |  5.8
Ice Magic      | |  5.8
Air Magic      | |  5.8
Earth Magic    | |  5.8
Poison Magic   | |  5.8

Action                   |  1- 3 |  4- 6 || total
-------------------------+-------+-------++-------
Melee: Unarmed           |    12 |       ||    12
       Bite              |     1 |     2 ||     3
       Quarterstaff      |       |    11 ||    11
       Headbutt          |       |     4 ||     4
 Cast: Flame Tongue      |    20 |     6 ||    26
       Conjure Flame     |     2 |     1 ||     3
Evoke: Wand              |       |     1 ||     1
  Use: Potion            |     1 |     1 ||     2
 Stab: Invisible         |       |     1 ||     1
Armor: Animal skin       |     1 |       ||     1
Dodge: Dodged            |     9 |     9 ||    18
